 Dungeon Crawl Stone Soup version 0.19.0-9-gfd783f2 (webtiles) character file.

235 MovingMist the Skirmisher (level 6, -2/40 HPs)
             Began as a Gargoyle Fighter on Nov 7, 2016.
             Was an Initiate of Okawaru.
             Killed by divine providence
             ... invoked by an orc priest
              (11 damage)
             ... on level 3 of the Dungeon.
             The game lasted 00:07:20 (1786 turns).

MovingMist the Skirmisher (Gargoyle Fighter)        Turns: 1786, Time: 00:07:21

Health: -2/40      AC: 19    Str: 20    XL:     6   Next: 6%
Magic:  6/6        EV:  5    Int:  9    God:    Okawaru [......]
Gold:   137        SH: 15    Dex: 10    Spells: 0 memorised, 5 levels left

rFire  + . .     SeeInvis .     a - +0 flail
rCold  . . .     Gourm    .     g - +3 chain mail {rF+}
rNeg   + + .     Faith    .     c - +0 shield
rPois  ∞         Spirit   .     r - +0 helmet
rElec  +         Reflect  +     o - +0 cloak
rCorr  .         Harm     .     (no gloves)
MR     .....                    (no boots)
Stlth  ..........               m - +6 amulet of reflection
                                (no ring)
                                i - ring of positive energy

@: no status effects
A: negative energy resistance 1, electricity resistance, unbreathing,
petrification resistance, rot immunity, AC +4
a: Renounce Religion


You were on level 3 of the Dungeon.
You worshipped Okawaru.
Okawaru was noncommittal.
You were hungry.

You visited 1 branch of the dungeon, and saw 3 of its levels.

You collected 137 gold pieces.

Inventory:

Hand Weapons
 a - a +0 flail (weapon)
Armour
 c - a +0 shield (worn)
 g - a +3 chain mail of fire resistance (worn)
 o - a +0 cloak (worn)
 r - a +0 helmet (worn)
Jewellery
 i - a ring of positive energy (left hand)
 m - a +6 amulet of reflection (around neck)
 B - a cursed ring of teleportation {unknown}
Wands
 A - a wand of digging (6/24)
Scrolls
 j - a scroll of recharging {unknown}
 k - a scroll of identify {unknown}
 l - a scroll of remove curse {unknown}
 n - a scroll of random uselessness {unknown}
 p - 2 scrolls of magic mapping {unknown}
 q - 3 scrolls of teleportation {unknown}
 s - a scroll of fog {unknown}
 v - a scroll of noise {unknown}
 w - a scroll of fear {unknown}
 x - a scroll of enchant armour {unknown}
 y - a scroll of amnesia {unknown}
 z - a scroll of blinking {unknown}
Potions
 d - a potion of might
 e - a potion of brilliance {unknown}
 t - a potion of degeneration {unknown}
Comestibles
 b - 5 chunks of flesh
 f - a bread ration
 h - 3 meat rations
 u - 2 beef jerkies


   Skills:
 * Level 5.5 Fighting
 + Level 3.2 Maces & Flails
 + Level 4.0 Armour
 + Level 4.1 Shields


You had 5 spell levels left.
You didn't know any spells.

Dungeon Overview and Level Annotations

Branches:
Dungeon (3/15)

Altars:
Dithmenos
Okawaru


Innate Abilities, Weirdness & Mutations

You are resistant to torment.
Your stone body is resilient. (AC +4)
You are immune to poison.
You resist negative energy. (rN+)
You are resistant to electric shocks. (rElec)
You can survive without breathing.
You are immune to petrification.
You are immune to rotting.


Message History

The orc hits you but does no damage.
You sock the orc!
You kill the orc!
Okawaru accepts your kill. You block the orc's attack.
The orc priest calls down the wrath of Beogh upon you.
Beogh smites you!
* * * LOW HITPOINT WARNING * * *
Your shield and chain mail prevent you from hitting the orc priest.
You block the orc's attack.
The orc priest hits you but does no damage.
You hit the orc priest.
The orc priest is moderately wounded.
You block the orc's attack. The orc priest barely misses you.
The orc hits you but does no damage.
You barely miss the orc priest.
The orc priest is moderately wounded.
The orc priest calls down the wrath of Beogh upon you.
Beogh smites you!
You die...

........#####.#
#.......))....#
#.#####.#######
#.....# #.###.#
#.# #.# ###
#.#.###o##....<
.......@oll...#
#.#######o.....
..##.# .# o# .
##


You could see 2 orc priests, an orc and 2 frilled lizards.

Vanquished Creatures
  An ice beast (D:3)
  Terence (D:2)
  An orc wizard (D:3)
  3 adders (D:2)
  A worm (D:2)
  2 dart slugs
  5 orcs (D:3)
  6 bats
  5 giant cockroaches
  4 goblins (D:1)
  A hobgoblin (D:1)
  5 jackals (D:1)
  8 kobolds
  2 quokkas
  A ball python (D:1)
  2 frilled lizards (D:1)
  7 rats
55 creatures vanquished.

Notes
Turn   | Place    | Note
-------+----------+-------------------------------------------
     0 | D:1      | MovingMist the Gargoyle Fighter began the quest for the Orb.
     0 | D:1      | Reached XP level 1. HP: 14/14 MP: 1/1
   196 | D:1      | Reached XP level 2. HP: 16/20 MP: 2/2
   466 | D:1      | Reached skill level 4 in Fighting
   468 | D:1      | Reached XP level 3. HP: 19/24 MP: 3/3
   906 | D:2      | Found an iron altar of Okawaru.
   934 | D:2      | Became a worshipper of Warmaster Okawaru
   976 | D:2      | Found a shadowy altar of Dithmenos.
   978 | D:2      | Noticed Terence
   994 | D:2      | Killed Terence
   994 | D:2      | Reached XP level 4. HP: 25/30 MP: 4/4
  1689 | D:3      | Noticed an ice beast
  1711 | D:3      | Reached skill level 5 in Fighting
  1726 | D:3      | Reached XP level 5. HP: 25/35 MP: 5/5
  1741 | D:3      | Killed an ice beast
  1741 | D:3      | Reached XP level 6. HP: 31/40 MP: 6/6
  1786 | D:3      | Killed from afar by an orc priest

Skill      XL: |  1  2  3  4  5 |
---------------+----------------+-----
Fighting       | 4 5 |  5.5
Maces & Flails | 3 |  3.2
Armour         | 4 |  4.0
Shields        | 4 |  4.1

Action                   |  1- 3 |  4- 6 || total
-------------------------+-------+-------++-------
Melee: Flail             |   133 |   134 ||   267
  Eat: Chunk             |     1 |     2 ||     3
Armor: Scale mail        |    77 |     4 ||    81
       Chain mail        |       |    63 ||    63
Dodge: Dodged            |    65 |    12 ||    77
Block: Shield            |   135 |   112 ||   247
       Reflection        |     8 |     3 ||    11
